 Dungeon Crawl Stone Soup version 0.29.1-1-gd02db6906a (webtiles) character file.

Game seed: 8828175454478572968

9 xian the Trooper (level 2, -3/24 HPs)
             Began as a Demonspawn Abyssal Knight on Oct 7, 2022.
             Was a Believer of Lugonu.
             Frozen to death by an endoplasm (4 damage)
             ... on level 1 of the Dungeon.
             The game lasted 00:00:36 (129 turns).

xian the Trooper (Demonspawn Abyssal Knight)         Turns: 129, Time: 00:00:37

Health: -3/24      AC:  3    Str: 13    XL:     2   Next: 3%
Magic:  3/3        EV: 11    Int: 11    God:    Lugonu [**....]
Gold:   0          SH:  0    Dex: 13    Spells: 1/1 levels left

rFire   . . .      SeeInvis .   a - +1 hand axe
rCold   . . .      Faith    .   (no shield)
rNeg    . . .      Spirit   .   b - +0 leather armour
rPois   .          Reflect  .   (no helmet)
rElec   .          Harm     .   (no cloak)
rCorr   .          Rampage  .   (no gloves)
Will    .....                   (no boots)
Stlth   +.........              (no amulet)
HPRegen 0.08/turn               (no ring)
MPRegen 0.08/turn               (no ring)

@: flying
A: demonic magic 1
a: Renounce Religion, Depart the Abyss, Bend Space


You were on level 1 of the Dungeon.
You worshipped Lugonu.
Lugonu was pleased with you.
You visited 1 branch of the dungeon, and saw 1 of its levels.
You visited the Abyss 1 time.

Inventory:

Hand Weapons
 a - a +1 hand axe (weapon)
Armour
 b - a +0 leather armour (worn)


   Skills:
 + Level 3.1 Fighting
 + Level 1.9 Axes
 + Level 2.1 Armour
 + Level 0.9 Dodging
 + Level 2.5 Invocations


You had one spell level left.
You didn't know any spells.
Your spell library was empty.

Dungeon Overview and Level Annotations

Branches:
Dungeon (1/15)

Altars:


Innate Abilities, Weirdness & Mutations

Spells you cast may paralyse adjacent enemies.


Message History

Lugonu accepts your kill. The bat hits you but does no damage.
The hobgoblin hits you but does no damage.
You have reached level 2!
Your demonic ancestry asserts itself...
A menacing aura infuses your magic.
You hit the hobgoblin but do no damage. You barely miss the kobold.
You miss the bat. The bat hits you but does no damage. x2
The hobgoblin barely misses you. The kobold closely misses you.
The bat closely misses you.
Unknown command.
You hit the hobgoblin but do no damage. You barely miss the bat.
You hit the kobold.
You kill the kobold!
Lugonu accepts your kill. The bat hits you but does no damage. x2
The hobgoblin hits you but does no damage.
Unknown command.
You hit the hobgoblin but do no damage. You closely miss the rat.
You miss the bat. You hit the endoplasm. The bat hits you. x2
A frilled lizard comes into view.
The rat closely misses you. The hobgoblin hits you. The endoplasm freezes you.
You are frozen.
The bat hits you.
* * * LOW HITPOINT WARNING * * *
The endoplasm freezes you.
You are frozen.
* * * LOW HITPOINT WARNING * * *
The hobgoblin closely misses you. The rat bites you.
* * * LOW HITPOINT WARNING * * *
Unknown command.
It was a potion of flight.
You feel very buoyant.
You fly up into the air.
The frilled lizard hisses angrily.
The bat barely misses you. The rat barely misses you. The hobgoblin hits you.
* * * LOW HITPOINT WARNING * * *
The endoplasm freezes you.
You are frozen.
You die...

..# #.# ##...... #.#
##...... ... #.......
#.# # ....... #.###.##.
####....# #gJ..l... ..
........# #@#.....# ...
#....# ##.r.....#
##.########.###.###.###.
#.......##....b.........
...........##.###.###.##
#.......##.#.... ... .#
#.......##...##.###.# .
#.......##.#.#.... ..#
#......†#..#... #.# ...


You could see an endoplasm, a hobgoblin, a bat, a frilled lizard and a rat.

Vanquished Creatures
  2 bats (D:1)
  A goblin (D:1)
  2 kobolds (D:1)
  A quokka (D:1)
  2 rats (D:1)
8 creatures vanquished.

Notes
Turn   | Place    | Note
-------+----------+-------------------------------------------
     0 | Abyss:1  | xian the Demonspawn Abyssal Knight began the quest for the
                  | Orb.
     0 | Abyss:1  | Reached XP level 1. HP: 18/18 MP: 2/2
     1 | D:1      | Escaped the Abyss
   126 | D:1      | Gained mutation: Spells you cast may paralyse adjacent
                  | enemies. [demonic ancestry]
   126 | D:1      | Reached XP level 2. HP: 15/24 MP: 3/3
   128 | D:1      | HP: 1/24 [rat (1)]
   129 | D:1      | Frozen to death by an endoplasm

Illustrated notes

Levels and vault maps discovered:
D:1:      psy_arrival_spokes, layout_basic,
          nicolae_concentric_dashed_squares_wild, kennysheep_crisscross,
          minmay_pentomino_p4

Skill      XL: |  1 |
---------------+----+-----
Armour         | 2 |  2.1
Fighting       | |  3.1
Axes           | |  1.9
Dodging        | |  0.9
Invocations    | |  2.5

Action                   || total
-------------------------++-------
Melee: Hand axe          ||    18
       Punch             ||     1
  Use: Potion            ||     1
Armor: Leather armour    ||    19
Dodge: Dodged            ||    24
